 Dungeon Crawl Stone Soup version 0.23-a0-164-g7711e57 (webtiles) character file.

78 iamserjio the Ducker (level 4, -1/30 HPs)
             Began as an Octopode Wanderer on Sept 10, 2018.
             Slain by a gnoll
             ... wielding a +0 flail
              (10 damage)
             ... on level 2 of the Dungeon.
             The game lasted 00:02:37 (1572 turns).

iamserjio the Ducker (Octopode Wanderer)            Turns: 1572, Time: 00:02:37

Health: -1/30      AC:  1    Str:  9    XL:     4   Next: 36%
Magic:  4/4        EV: 14    Int: 18    God:
Gold:   75         SH:  0    Dex: 10    Spells: 3/3 levels left

rFire    . . .     SeeInvis .   a - +2 dagger
rCold    . . .     Gourm    .   (no shield)
rNeg     . . .     Faith    .   (helmet restricted)
rPois    .         Spirit   .   (no amulet)
rElec    .         Reflect  .   (no ring)
rCorr    .         Harm     .   (no ring)
MR       .....                  (no ring)
Stlth    +++.......             (no ring)
HPRegen  0.10/turn              (no ring)
MPRegen  0.09/turn              (no ring)
                                (no ring)
                                (no ring)

@: no status effects
A: almost no armour, stealthy swim, amphibious, 8 rings, constrict 8, camouflage
1, gelatinous body 1
a: no special abilities


You were on level 2 of the Dungeon.
You were not hungry.

You visited 1 branch of the dungeon, and saw 2 of its levels.

You collected 75 gold pieces.

Inventory:

Hand Weapons
 a - a +2 dagger (weapon)
 k - a +0 spear
Missiles
 q - 60 stones (quivered)
Jewellery
 m - an uncursed ring of positive energy {unknown}
Scrolls
 c - a scroll of teleportation
 e - 2 scrolls of identify {unknown}
 j - a scroll of enchant armour {unknown}
 l - a scroll of magic mapping {unknown}
 p - a scroll of remove curse {unknown}
Potions
 b - 2 potions of heal wounds
 d - 2 potions of curing {@q1}
 g - a potion of brilliance {unknown}
 i - a potion of agility {unknown}
 n - a potion of magic {unknown}
 o - a potion of berserk rage {unknown}
Comestibles
 f - 7 rations
 h - 3 chunks of flesh


   Skills:
 * Level 2.6 Fighting
 + Level 1.4 Short Blades
 - Level 1.0 Polearms
 + Level 3.5 Dodging
 + Level 2.7 Stealth
   Level 2.0 Hexes
   Level 1.0 Earth Magic
   Level 1.1 Evocations


You had 3 spell levels left.
You didn't know any spells.
Your spell library was empty.

Dungeon Overview and Level Annotations

Branches:
Dungeon (2/15)

Altars:


Innate Abilities, Weirdness & Mutations

You cannot wear most types of armour.
You are very stealthy in the water. (Stealth+)
You are amphibious.
You can wear up to eight rings at the same time.
You can use your tentacles to constrict eight enemies at once.
Your skin changes colour to match your surroundings (Stealth+).
Your rubbery body absorbs attacks. (AC +1, EV +1)


Message History

You closely miss the gnoll. Your grab misses the gnoll.
The gnoll hits you with a club!
You barely miss the gnoll. You grab the gnoll. You constrict the gnoll.
The gnoll closely misses you.
You hit the gnoll. You constrict the gnoll.
The gnoll struggles to escape constriction.
You hit the gnoll. You constrict the gnoll. The gnoll hits you with a club.
You are too injured to fight recklessly!
You are too injured to fight recklessly!
You are too injured to fight recklessly!
You are too injured to fight recklessly!
You hit the gnoll but do no damage. You squeeze the gnoll.
You kill the gnoll!
You completely miss the gnoll. You grab the gnoll. You constrict the gnoll.
The gnoll hits you with a flail!
* * * LOW HITPOINT WARNING * * *
You hit the gnoll. You constrict the gnoll. The gnoll closely misses you.
You hit the gnoll. You squeeze the gnoll. You constrict the gnoll.
The gnoll hits you with a flail!
You die...

....###.##
#...#<....#
#...##...#
##..####..#
....###.##
#..####..#
#.......#
##.#.....#
...######
#.#.##....#.# ...#
#.#..#.####.# ###
...# #....#.# #.#
#.. #### #..#.#.#
#.# #.. #.@..#.#
#.# #.. ###g##.#
#.# #.. #.# .#
#.#####..
###..#+####<.......
..........##.......
..........##.......
..........##.......
.........g.'.......
####...#####.......


You could see a gnoll.

Vanquished Creatures
  An adder (D:2)
  3 gnolls
  2 worms (D:2)
  A dart slug (D:1)
  A giant cockroach (D:2)
  8 goblins (D:1)
  3 hobgoblins
  4 bats
  2 frilled lizards
  2 kobolds (D:1)
  8 rats
35 creatures vanquished.

Notes
Turn   | Place    | Note
-------+----------+-------------------------------------------
     0 | D:1      | iamserjio the Octopode Wanderer began the quest for the
                  | Orb.
     0 | D:1      | iamserjio set off with: a +2 dagger, a potion of heal
                  | wounds, a scroll of teleportation, a potion of curing
                  | {@q1}, a ration
     0 | D:1      | Reached XP level 1. HP: 13/13 MP: 1/1
   200 | D:1      | Reached XP level 2. HP: 18/18 MP: 2/2
   952 | D:1      | Reached XP level 3. HP: 24/24 MP: 3/3
  1087 | D:2      | Reached skill level 1 in Short Blades
  1222 | D:1      | Reached XP level 4. HP: 23/30 MP: 4/4
  1572 | D:2      | Slain by a gnoll

Vault maps used:
D:1:      mainiacjoe_arrival_reflecting_pool
D:2:      first_ration, minmay_misc_feat_hallway, st_stairs_12

Skill      XL: |  1  2  3 |
---------------+----------+-----
Stealth        | 2 |  2.7
Fighting       | 2 |  2.6
Short Blades   | 1 |  1.4
Polearms       | |  1.0
Dodging        | |  3.5
Hexes          | |  2.0
Earth Magic    | |  1.0
Evocations     | |  1.1

Action                   |  1- 3 |  4- 6 || total
-------------------------+-------+-------++-------
Melee: Dagger            |    59 |    21 ||    80
       Constrict         |    13 |     5 ||    18
       Tentacles         |     8 |     6 ||    14
 Stab: Sleeping          |    14 |       ||    14
  Eat: Chunk             |     1 |     1 ||     2
Armor: Skin              |     5 |     1 ||     6
Dodge: Dodged            |    27 |     9 ||    36

Table legend:
 A = Non-vault XP
 B = Vault XP
 C = Vault XP percentage of total XP
 D = Non-vault monster count
 E = Vault monster count
 F = Vault count percentage of total count
                 A         B        C        D         E       F
            +---------+---------+-------+---------+---------+-------
      Total |      97 |      15 |  13.4 |      33 |       2 |   5.7
            +---------+---------+-------+---------+---------+-------
        D:1 |      50 |       0 |   0.0 |      23 |       0 |   0.0
        D:2 |      47 |      15 |  24.2 |      10 |       2 |  16.7
            +---------+---------+-------+---------+---------+-------
